[Event "*** Titled Tuesday Blitz"]
[Site "Chess.com"]
[Date "2019.03.05"]
[Round "2"]
[White "Orange_Ghost"]
[Black "SerGo055"]
[Result "1-0"]
[WhiteElo "2548"]
[BlackElo "2471"]
[TimeControl "180+2"]
[EndTime "13:26:34 PST"]
[Termination "Orange_Ghost won by resignation"]

1. d4 Nf6 2. c4 e6 3. Nc3 d5 4. cxd5 exd5 5. Bg5 c6 6. e3 Be7 7. Qc2 O-O 8. Bd3 h6 9. Bh4 Nbd7 10. Nge2 a6 11. f3 c5 12. O-O c4 13. Bf5 b5 14. e4 dxe4 15. fxe4 Nb6 16. Rad1 Bxf5 17. Rxf5 Ng4 18. Bxe7 Qxe7 19. Rf3 b4 20. h3 bxc3 21. hxg4 cxb2 22. Qxb2 Qxe4 23. Ng3 Qg6 24. d5 Rad8 25. Nf5 Rfe8 26. d6 Na8 27. Kh2 Kh7 28. Rd4 Rd7 29. Rxc4 Re6 30. Rcf4 f6 31. Qb8 Re8 32. Qb3 Qf7 33.
Qxf7 Rxf7 34. Rb3 Rd7 35. Ra4 g6 36. Ng3 Rxd6 37. Rb7+ Kg8 38. Ne4 Rde6 39. Nc5 R6e7 40. Rxa6 Rxb7 41. Nxb7 Nc7 42. Rxf6 Kg7 43. Rf3 Nd5 44.
Nd6 Re2 45. Rf7+ Kg8 46. Ra7 Ne3 47. Ra8+ Kg7 48. Kh3 Nxg2 49. Kg3 Ne1 50. a4 Rg2+ 51. Kh3 Rd2 52. Ne8+ Kf7 53. Nc7 Ra2 54. a5 Nd3 55. Kg3 Nc5 56. a6 Ke7 57. a7 Kd7 58.
Nd5 Kc6 59. Rc8+ Kxd5 60. a8=Q+ Rxa8 61. Rxa8 Ke6 62. Rh8 Ne4+ 63. Kf4 Nf6 64. Rxh6 Kf7 65. g5 Ng8 66. Rh7+ Ke6 67. Rg7 Ne7 68. Ke4 Kd6 69. Rf7 Ke6 70. Rf6+ Kd7 71. Ke5 Nc6+ 72. Rxc6 Kxc6 73.
Kf6 Kd6 74. Kxg6 Ke7 75. Kh7 1-0

[Event "*** Titled Tuesday Blitz"]
[Site "Chess.com"]
[Date "2019.03.05"]
[Round "2"]
[White "Indianlad"]
[Black "Tocras"]
[Result "1-0"]
[WhiteElo "3010"]
[BlackElo "2603"]
[TimeControl "180+2"]
[EndTime "13:26:43 PST"]
[Termination "Indianlad won by resignation"]

1. Nf3 Nf6 2. c4 g6 3. b3 Bg7 4. Bb2 d6 5. d4 O-O 6. g3 e5 7. dxe5 dxe5 8. Qxd8 Rxd8 9. Bg2 e4 10. Ng5 e3 11. fxe3 Ng4 12. Bxg7 Kxg7 13. Nc3 h6 14.
Nf3 Nxe3 15. Kf2 Ng4+ 16. Kg1 Na6 17. Rd1 Bd7 18. Rd4 c6 19. h3 Ne3 20. g4 Be6 21. Kf2 Nc2 22. Rxd8 Rxd8 23. Rc1 Na3 24. Ne4 Nb4 25.
Ne1 a5 26. Ke3 a4 27. Nc5 Nxa2 28. Ra1 axb3 29. Nxb3 Nxc4+ 30. Kf2 Nc3 31. Nc5 Rd2 32. Nf3 Rxe2+ 33. Kg1 Ne3 34. Bh1 Bd5 35. Nd4 Rd2 36.
Nf3 Ne2+ 37. Kf2 Bxf3 38. Kxe3 Rc2 39. Bxf3 Rxc5 40. Bxe2 Rc3+ 41. Bd3 b5 42. Ra7 c5 43.
Kd2 b4 44. h4 c4 45. Be2 Rg3 46. Bxc4 Rxg4 47. Rxf7+ Kh8 48. Rf8+ Kg7 49. Rf7+ Kh8 50. Rc7 Rxh4 51. Ke3 h5 52. Bf7 Rg4 53. Be6 Rh4 54. Rb7 b3 55. Bxb3 Rg4 56. Be6 Ra4 57. Bf7 Ra3+ 58.
Kf4 Kg7 59. Be8+ Kh6 60. Rb6 Kg7 61. Bxg6 h4 62. Be4 h3 63. Rg6+ Kf7 64. Rh6 Ke7 65.
Bf3 Ra4+ 66. Kg3 Ra5 67. Rh7+ Kf6 68. Rxh3 Ra1 69. Kf4 Rf1 70. Rh6+ Kg7 71. Ra6 Kf8 72. Kg4 Ke7 73. Kf4 Kd8 74. Ra7 Ke8 75. Rh7 Kd8 76. Ke4 Ke8 77. Bg4 Kf8 78. Be6 Ke8 79. Ke5 Re1+ 80.
Kd6 Rd1+ 81. Bd5 Kf8 82. Rf7+ Ke8 83. Rf4 Rd2 84. Rf1 Rd3 85. Ra1 Kf8 86. Rg1 1-0

[Event "*** Titled Tuesday Blitz"]
[Site "Chess.com"]
[Date "2019.03.05"]
[Round "2"]
[White "Ainahia"]
[Black "GianmarcoVaR"]
[Result "1/2-1/2"]
[WhiteElo "2507"]
[BlackElo "2491"]
[TimeControl "180+2"]
[EndTime "13:26:43 PST"]
[Termination "Game drawn by stalemate"]

1. d4 Nf6 2. Bg5 Ne4 3. Bf4 d5 4. e3 c5 5. Bd3 Nf6 6. c3 Nc6 7.
Nf3 Bg4 8. Nbd2 e6 9. O-O cxd4 10. exd4 Bd6 11. Bxd6 Qxd6 12. Qb3 O-O 13. Rfe1 Bxf3 14. Nxf3 Rab8 15. Ne5 b5 16. a3 a5 17. Bxb5 Ne4 18.
Nxc6 Qxc6 19. Bxc6 Rxb3 20. f3 Nd6 21. Re2 Rfb8 22.
Ra2 Nc4 23. a4 Rxb2 24. Raxb2 Rxb2 25. Kf2 Rb3 26. Bxd5 Rxc3 27. Bxc4 Rxc4 28. d5 Rxa4 29. dxe6 fxe6 30. Rxe6 Kf7 31. Ra6 Ra2+ 32. Kg3 a4 33. h4 h5 34. Kf4 Rxg2 35. Rxa4 Kg6 36. Ra6+ Kh7 37. Kf5 Rg3 38. Kf4 Rg2 39. Ra5 Kh6 40.
Rb5 Rg1 41. Rb6+ Kh7 42. Rb5 g6 43. Rb7+ Kh6 44. Rb8 Rc1 45. Rb7 Rg1 46. Ra7 Rg2 47. Ra6 Kg7 48. Ra7+ Kf6 49. Ra6+ Kg7 50. Ra5 Rb2 51.
Kg3 Rb4 52. Ra7+ Kf6 53. Ra6+ Kf5 54. Ra5+ Kf6 55. Ra8 Rb6 56. Rf8+ Ke7 57. Rf4 Rb5 58. Kf2 Ke6 59. Kg3 Ra5 60. Rf8 Rf5 61. Rg8 Kf6 62.
Ra8 Kg7 63. Ra7+ Rf7 64. Ra6 Rf6 65. Rxf6 Kxf6 66. Kf4 Ke6 67. Ke4 Kf6 68. Kf4 Ke6 69.
Kg5 Kf7 70. f4 Kg7 71. f5 gxf5 72. Kxf5 Kh7 73. Kg5 Kg7 74. Kxh5 Kh7 75. Kg5 Kg7 76. h5 Kh7 77. h6 Kg8 78. Kg6 Kh8 79. h7 1/2-1/2

[Event "*** Titled Tuesday Blitz"]
[Site "Chess.com"]
[Date "2019.03.05"]
[Round "2"]
[White "Perecke"]
[Black "politeplayer"]
[Result "0-1"]
[WhiteElo "2035"]
[BlackElo "2074"]
[TimeControl "180+2"]
[EndTime "13:26:50 PST"]
[Termination "politeplayer won by resignation"]

1. e4 c5 2. Nf3 d6 3. d4 cxd4 4. Nxd4 Nf6 5. Nc3 g6 6. Be3 Bg7 7. f3 O-O 8. Qd2 Nc6 9. g4 Nxd4 10. Bxd4 Be6 11. h4 Qa5 12. h5 Rac8 13. hxg6 fxg6 14.
Qh2 b5 15. Bxf6 Rxf6 16. Qxh7+ Kf8 17. Bd3 b4 18. Ne2 b3+ 19. c3 bxa2 20. O-O Qb6+ 21. Kg2 Qe3 22. Qh3 Qxd3 23. Rfe1 g5 24. Nd4 Rh6 25. Nxe6+ Kg8 26. Qg3 Be5 27. f4 Qd2+ 28. Kg1 gxf4 29. Qg2 Qxg2+ 30. Kxg2 Rxe6 31. Rxa2 Rg6 32. Kf3 Kf7 33. Rxa7 Rh8 34. Rg1 Rh3+ 35. Kf2 Rh2+ 36.
Rg2 Rxg2+ 37. Kxg2 Rxg4+ 38. Kf1 f3 39. Ra3 Rg2 40. c4 Rxb2 41. Rxf3+ Ke6 42. Ra3 Rc2 43. Ra4 Bd4 44. Ke1 Ke5 45. Kd1 Rc3 46. Ra7 Kxe4 47. Rxe7+ Kd3 48. Rd7 Be5 49. c5 Ra3 50. Ke1 Ke3 51. Kd1 Rd3+ 52. Ke1 dxc5 53. Re7 Ke4 54.
Re8 c4 55. Ke2 Ra3 56. Rc8 Ra2+ 57. Kd1 c3 58. Rc6 Bd4 59. Rc4 Rd2+ 60. Kc1 Kd3 61. Rc8 Rc2+ 62. Kb1 Rb2+ 63. Ka1 Rb7 64. Rc6 c2+ 65. Ka2 Ra7+ 66. Kb3 Rb7+ 67. Ka2 Bc3 68. Rd6+ Ke4 69. Re6+ Kd5 70. Rg6 Rb2+ 71. Ka3 c1=Q 72. Rg5+ Ke4 73. Rg3 0-1

[Event "*** Titled Tuesday Blitz"]
[Site "Chess.com"]
[Date "2019.03.05"]
[Round "2"]
[White "belisarius64"]
[Black "Vamostodorecto"]
[Result "1/2-1/2"]
[WhiteElo "2490"]
[BlackElo "2521"]
[TimeControl "180+2"]
[EndTime "13:26:53 PST"]
[Termination "Game drawn by agreement"]

1. e4 e6 2. d4 d5 3. Nd2 Nf6 4. Bd3 dxe4 5. Nxe4 Nxe4 6. Bxe4 c5 7. Nf3 Be7 8. Be3 cxd4 9. Bxd4 O-O 10. Qe2 Nc6 11.
Bc3 Bf6 12. Bxf6 Qxf6 13. O-O-O a5 14. Rd2 Ra6 15. Rhd1 Rb6 16. c3 a4 17. Bxc6 bxc6 18. Qe5 Ba6 19. Qxf6 gxf6 20. a3 Kg7 21. Rd8 Be2 22.
Rxf8 Bxd1 23. Ra8 Bb3 24. Nd4 Bd5 25. f3 c5 26. Rxa4 cxd4 27. Rxd4 f5 28. c4 Bb7 29.
b4 Kf6 30. c5 Ra6 31. Kb2 Bc6 32. Kb3 Bb5 33. Rd8 e5 34. Rb8 Ba4+ 35. Kc4 e4 36.
fxe4 fxe4 37. b5 Re6 38. c6 e3 39. c7 e2 40. c8=Q e1=Q 41. Qd8+ Kf5 42. Qd5+ Qe5 43. Qxe5+ Kxe5 44. Kb4 Bc2 45. a4 Be4 46. a5 Bxg2 47.
a6 Kd6 48. a7 Re4+ 49. Kb3 Re1 50. a8=Q Bxa8 51. Rxa8 Kc5 52. Rf8 Re3+ 53. Kc2 Rf3 54. Rh8 Rf2+ 55. Kd3 Rxh2 56. Rf8 Rf2 57. Rh8 Kxb5 58.
Rxh7 Kc5 59. Ke4 Kd6 60. Ke3 Rf5 61. Ke4 Ke6 62. Rh6+ f6 63. Rh8 Rf1 64. Re8+ Kf7 65. Ra8 Kg6 66. Rg8+ Kf7 67. Rg3 Re1+ 68. Re3 Ra1 69.
Kf3 Ra4 70. Rb3 Kg6 71. Rc3 f5 72. Rb3 Kg5 73. Rc3 Rf4+ 74. Kg3 Rg4+ 75. Kf3 Rh4 76. Kg3 f4+ 77. Kg2 Kg4 78. Rc8 f3+ 79. Kf2 Rh2+ 80. Kg1 Rg2+ 81. Kf1 Ra2 82. Rg8+ Kf4 83. Rf8+ Kg3 84.
Rg8+ 1/2-1/2

[Event "*** Titled Tuesday Blitz"]
[Site "Chess.com"]
[Date "2019.03.05"]
[Round "2"]
[White "Marcus_Harvey"]
[Black "LPSupi"]
[Result "1-0"]
[WhiteElo "2602"]
[BlackElo "2848"]
[TimeControl "180+2"]
[EndTime "13:27:02 PST"]
[Termination "Marcus_Harvey won by resignation"]

1. Nf3 Nf6 2. b3 b6 3. Bb2 Bb7 4. e3 e6 5. Be2 Be7 6. O-O O-O 7.
c4 c5 8. d4 cxd4 9. Nxd4 Nc6 10. Nc3 a6 11. Bf3 Qb8 12. Nxc6 Bxc6 13. Bxc6 dxc6 14.
Qf3 Qc7 15. Ne4 Nxe4 16. Qxe4 Rfd8 17. Rfd1 Rd7 18. Qg4 Rxd1+ 19. Rxd1 Bf8 20. Qd4 b5 21. g3 a5 22. Qe4 Qc8 23. cxb5 cxb5 24. a4 bxa4 25.
bxa4 Rb8 26. Be5 Rb4 27. Rd4 Qc1+ 28. Kg2 Rb1 29. Kh3 Qf1+ 30. Qg2 Qe2 31. g4 h5 32.
Rd8 Rd1 33. Ra8 Rd5 34. Bd4 Rg5 35. f3 Qd3 36. Qg3 hxg4+ 37. fxg4 Qf1+ 38. Qg2 Qc4 39. Rxf8+ Kxf8 40. Qa8+ Ke7 41. Qa7+ Ke8 42. Qb8+ Kd7 43. Qa7+ Qc7 44. Qa6 Rg6 45. Qb5+ Qc6 46. Qxa5 Rh6+ 47. Kg3 f6 48. Qa7+ Qc7+ 49. Qxc7+ Kxc7 50. g5 Rg6 51. h4 e5 52. Bc3 Kd6 53. Kg4 fxg5 54. h5 Rf6 55. Kxg5 Ke6 56. a5 Rf3 57. a6 Rf7 58. Kg6 Ra7 59. Bb4 Rxa6 60. Kxg7 Kf5 61. Be7 Re6 62.
Bd8 Rd6 63. Be7 Re6 64. Bd8 Ra6 65. Be7 e4 66. Bf8 Ra7+ 67. Kg8 Kf6 68. h6 Kg6 69. Bg7 Ra8+ 70. Bf8 Rxf8+ 71. Kxf8 Kxh6 72. Kf7 Kg5 73. Ke6 Kg4 74. Ke5 Kg5 75. Kxe4 Kf6 76. Kd5 Ke7 77.
Ke5 1-0

[Event "*** Titled Tuesday Blitz"]
[Site "Chess.com"]
[Date "2019.03.05"]
[Round "2"]
[White "grzechu96"]
[Black "Vuk2000"]
[Result "0-1"]
[WhiteElo "2554"]
[BlackElo "2740"]
[TimeControl "180+2"]
[EndTime "13:27:03 PST"]
[Termination "Vuk2000 won by resignation"]

1. e4 e6 2. d4 d5 3. Bd3 c5 4.
exd5 Qxd5 5. Nc3 Qxd4 6. Nb5 Qd8 7. Bf4 Na6 8. Qe2 Nf6 9. O-O-O Bd7 10. Nd6+ Bxd6 11.
Bxd6 Nb4 12. Bxc5 Nxa2+ 13. Kb1 Qa5 14. Qe3 Nb4 15. Bxb4 Qxb4 16. Nf3 O-O 17. Ne5 Bb5 18. c3 Bxd3+ 19. Rxd3 Qa5 20. Rhd1 h6 21. g4 Rfd8 22. g5 hxg5 23. Qxg5 Rxd3 24. Rxd3 Rd8 25. Rg3 Ne8 26. Nxf7 Rd1+ 27. Kc2 Qxg5 28. Nxg5 Rd6 29. Ne4 Rd7 30. Nc5 Re7 31. Rd3 Nf6 32. Rd8+ Kf7 33. Rb8 b6 34.
Nd3 e5 35. Ra8 Ng4 36. h3 Nf6 37. Kd2 e4 38. Nb4 a5 39. Nc6 Rc7 40. Nd4 Rb7 41.
Rc8 Nd5 42. Rd8 Nf6 43. Ke3 b5 44. Ra8 a4 45. Ra5 b4 46. Rxa4 bxc3 47. bxc3 Rc7 48. c4 Rc5 49. Nb3 Rh5 50. Nd2 Rxh3+ 51. Kf4 Rh4+ 52.
Kg3 Rg4+ 53. Kh3 Rf4 54. Kg3 Nh5+ 55. Kg2 Rg4+ 56. Kf1 Nf6 57. Ke2 Rh4 58. Ra7+ Kf8 59. c5 Rh5 60. Rc7 Rd5 61. Nc4 Ng4 62. Nb6 Rf5 63.
c6 Rxf2+ 64. Ke1 e3 65. Rc8+ Kf7 66. c7 Rc2 67. Nd5 Rc1+ 68. Ke2 Rc2+ 69. Ke1 Rc1+ 70. Ke2 Rc2+ 71. Kd1 e2+ 72. Ke1 Ne5 73. Nb4 Nf3+ 74.
Kf2 e1=Q+ 75. Kxf3 Qxb4 76. Rg8 Qc3+ 0-1

[Event "*** Titled Tuesday Blitz"]
[Site "Chess.com"]
[Date "2019.03.05"]
[Round "2"]
[White "GrandGlacier"]
[Black "tteshan"]
[Result "0-1"]
[WhiteElo "2142"]
[BlackElo "2214"]
[TimeControl "180+2"]
[EndTime "13:27:03 PST"]
[Termination "tteshan won by resignation"]

1. e4 c5 2. Nf3 Nc6 3. d4 cxd4 4. Nxd4 g6 5. c4 Bg7 6. Be3 Nf6 7. Nc3 O-O 8. Be2 d6 9. O-O Nxd4 10. Bxd4 Bd7 11. f3 a5 12. Rb1 Bc6 13. b3 Nd7 14. a3 Bxd4+ 15. Qxd4 Nc5 16. b4 axb4 17. axb4 Na4 18. Nd5 Bxd5 19. cxd5 Qb6 20. Qxb6 Nxb6 21. Rfc1 Rfc8 22.
Kf2 Kg7 23. Ke3 Kf6 24. Kd4 e5+ 25. dxe6 fxe6 26. f4 e5+ 27. fxe5+ dxe5+ 28. Ke3 Ra3+ 29. Kf2 Rac3 30. Rxc3 Rxc3 31. Rd1 Ke7 32. Ra1 Nc8 33.
Ra5 Kf6 34. Rd5 Rc7 35. Bg4 Ne7 36. Rd6+ Kg5 37. Be6 Kf4 38. Bd5 Rc2+ 39. Ke1 Ke3 40. Bxb7 Rxg2 41. Kd1 Rxh2 42. Kc1 g5 43. Re6 Ng6 44.
Ba6 g4 45. Rd6 g3 46. Bf1 g2 47. Bxg2 Rxg2 48. b5 Rf2 49. b6 Rf7 50. Rc6 Rb7 51.
Kc2 Kxe4 52. Kc3 Kd5 53. Rf6 Nf4 54. Kb4 Ne6 55. Ka5 h5 56. Rh6 Nc5 57. Rxh5 Nd7 58. Rh6 Rxb6 59. Rh1 Re6 60. Rd1+ Kc6 61. Kb4 Nb6 62. Re1 e4 63. Kc3 Kd5 64. Ra1 Ke5 65. Rf1 Nd5+ 66. Kd2 e3+ 67. Kd3 Ra6 68. Rh1 Ra3+ 69. Ke2 Ke4 70. Rh8 Nf4+ 71. Kd1 Kf3 72. Re8 e2+ 73. Kd2 Rd3+ 74. Kc2 Rd1 75. Rxe2 Kxe2 0-1

[Event "*** Titled Tuesday Blitz"]
[Site "Chess.com"]
[Date "2019.03.05"]
[Round "2"]
[White "Generalas"]
[Black "PrinceCharming92"]
[Result "0-1"]
[WhiteElo "2179"]
[BlackElo "2397"]
[TimeControl "180+2"]
[EndTime "13:27:22 PST"]
[Termination "PrinceCharming92 won by resignation"]

1. Nf3 d5 2. g3 Nf6 3. Bg2 c6 4. b3 Bf5 5. Bb2 e6 6. O-O Be7 7. d3 O-O 8. Nbd2 Bg6 9. Ne5 Nbd7 10. Nxg6 hxg6 11. e4 Rc8 12. Qe2 Qb6 13. Kh1 dxe4 14. Nxe4 Nxe4 15. dxe4 Rfd8 16. Rad1 Nf6 17. e5 Nd5 18. c4 Nc7 19. Be4 Na6 20. Kg2 Nc5 21. Bb1 Rxd1 22. Rxd1 Rd8 23. Bd4 Qc7 24. h4 Rd7 25.
Qe3 b6 26. Bc2 Qd8 27. Rd2 Nb7 28. Be4 Qc7 29. Bf3 Nc5 30. Bc3 Kf8 31. Rd4 Nb7 32. h5 gxh5 33. Rxd7 Qxd7 34. Bxh5 Bc5 35. Qe4 g6 36.
Bf3 Nd8 37. b4 Be7 38. a3 Kg7 39. Bd4 Qc7 40. Be3 c5 41. b5 Qd7 42. Qa8 Qc7 43. Bf4 g5 44. Be3 Qxe5 45. Qxa7 Qd6 46. Qb7 f5 47. Bc6 Kf6 48. Qc8 Nf7 49. Qd7 Qxd7 50. Bxd7 Bd6 51. Bc6 Ne5 52. a4 Nxc4 53. Bc1 Bc7 54. f4 gxf4 55. gxf4 e5 56. fxe5+ Nxe5 57. Bd5 Ke7 58. Bd2 Kd6 59. Bb7 Nc4 60. Bf4+ Kd7 61. Bc6+ Kd8 62. Bc1 Ke7 63. Kf3 Ke6 64.
Bb7 Ne5+ 65. Ke2 Nd7 66. Bc8 Kd6 67. Bf4+ Ne5 68. Bxf5 Kd5 69. Bc2 Bd6 70. Kd1 Nc4 71. Bc1 Be5 72. Bb3 Bc3 73. Kc2 Kd4 74. Bg5 Na3+ 75.
Kc1 Bb4 76. Bd8 Ba5 77. Kb2 Nc4+ 78. Bxc4 Kxc4 79. Ka3 Kc3 80. Bf6+ Kc2 81. Ka2 c4 82. Ka3 c3 83. Ka2 Bb4 84. Bd8 Ba5 85. Bf6 Kd1 86. Kb3 c2 87. Bb2 c1=Q 88. Bxc1 Kxc1 89. Ka3 Kc2 90.
Ka2 Kc3 91. Ka3 Kc4 0-1

[Event "*** Titled Tuesday Blitz"]
[Site "Chess.com"]
[Date "2019.03.05"]
[Round "2"]
[White "gmjoey1"]
[Black "Anurag328"]
[Result "1-0"]
[WhiteElo "2713"]
[BlackElo "2667"]
[TimeControl "180+2"]
[EndTime "13:28:03 PST"]
[Termination "gmjoey1 won by checkmate"]

1. e4 g6 2. h4 h6 3. d4 Bg7 4. f4 d5 5. e5 h5 6. Bd3 Nh6 7. Nf3 Bf5 8. Be3 Qd7 9. Nc3 Ng4 10. Bg1 Bh6 11. g3 Nc6 12. a3 f6 13. Bxf5 Qxf5 14. Qd3 Qxd3 15. cxd3 O-O-O 16. b4 e6 17. Ra2 Ne7 18. Rc2 Nf5 19. Ne2 Bg7 20. Kd2 a6 21.
Nh2 Nxh2 22. Rxh2 Kd7 23. Bf2 Nh6 24. Rh1 Ng4 25. Be3 Bh6 26. Rhc1 c6 27. a4 Rc8 28. Nc3 Bf8 29. Rb1 b5 30. Ra2 Be7 31. Nd1 Rb8 32.
Bg1 bxa4 33. Rxa4 a5 34. Ne3 Bxb4+ 35. Ke2 f5 36. Nxg4 hxg4 37. Rc1 Rb5 38. Be3 Rhb8 39.
Rc2 Be7 40. Bd2 Rb2 41. Kd1 Rb1+ 42. Rc1 Rxc1+ 43. Kxc1 c5 44. Rxa5 cxd4 45. Ra7+ Ke8 46. Kc2 Rc8+ 47. Kd1 Rb8 48. Kc2 Rc8+ 49. Kd1 Rc6 50.
Be1 Rb6 51. Kc2 Rc6+ 52. Kd1 Kf8 53. Bd2 Rb6 54. Kc2 Rc6+ 55. Kd1 Rc8 56. Be1 Rb8 57. Kc2 Rc8+ 58. Kd1 Rc6 59. Bd2 Rb6 60. Kc2 Rc6+ 61. Kd1 Rc8 62. Be1 Ke8 63. Bd2 Rd8 64. Ra6 Kf7 65.
Ra7 Ke8 66. Ra6 Kf7 67. Ra7 Rb8 68. Kc2 Ke8 69. Be1 Rc8+ 70. Kd1 Rd8 71. Ra6 Kf7 72. Ra7 Ke8 73. Ra6 Kf7 74. Ra7 Rb8 75. Kc2 Rb6 76.
Ba5 Rc6+ 77. Kd1 Ke8 78. Bd2 Bd8 79. Rg7 Ra6 80. Rxg6 Ra1+ 81. Kc2 Rg1 82. Rxe6+ Kf7 83. Rd6 Be7 84. Rxd5 Rxg3 85. Rxd4 Rg2 86. Kd1 g3 87. Rd7 Ke6 88. Ra7 Rg1+ 89. Ke2 Rg2+ 90. Kd1 Rh2 91. Ra6+ Kd5 92. Rg6 g2 93. Be3 Bxh4 94. Rd6# 1-0

[Event "*** Titled Tuesday Blitz"]
[Site "Chess.com"]
[Date "2019.03.05"]
[Round "2"]
[White "Angry_Serb"]
[Black "ShadyH9"]
[Result "1-0"]
[WhiteElo "2543"]
[BlackElo "2294"]
[TimeControl "180+2"]
[EndTime "13:28:11 PST"]
[Termination "Angry_Serb won by resignation"]

1. b3 Nf6 2. Bb2 g6 3. e3 Bg7 4.
d4 O-O 5. Nf3 d6 6. Be2 Nbd7 7.
O-O e5 8. dxe5 Ng4 9. Nbd2 Ndxe5 10. Nxe5 Nxe5 11. Qc1 c6 12. c4 Qe7 13. Rd1 Bf5 14. Nf1 a5 15. Bc3 Ng4 16. Bxg7 Kxg7 17. Qc3+ Qe5 18. Qxe5+ dxe5 19. e4 Be6 20. Bxg4 Bxg4 21.
f3 Be6 22. Rac1 Rfd8 23. Kf2 Kf6 24. Ne3 Ke7 25. a3 f6 26. Ke2 g5 27. g4 h5 28. h3 hxg4 29. hxg4 Rxd1 30. Rxd1 Rh8 31. Rf1 Rh2+ 32. Kd3 b6 33. Nc2 a4 34. bxa4 Bxc4+ 35. Kxc4 Rxc2+ 36. Kb3 Rd2 37. Kc3 Ra2 38. Kb3 Re2 39. Kb4 Re3 40. Rf2 Kd6 41. Rd2+ Kc7 42. Rf2 Kb7 43. a5 bxa5+ 44. Kxa5 Rxa3+ 45. Kb4 Re3 46. Kc5 Kc7 47. Kc4 Re1 48. Kc5 Rc1+ 49. Kb4 Kd6 50. Rd2+ Ke6 51. Rd3 Rc2 52. Kb3 Rc1 53.
Kb2 Rc4 54. Kb3 Rd4 55. Rc3 Kd6 56. Kc2 c5 57. Ra3 Ke6 58. Kc3 Rd1 59. Ra6+ Kf7 60. Ra3 Kg6 61. Kc4 Rc1+ 62. Kd5 c4 63. Kc5 c3 64.
Kc4 c2 65. Kc3 Kf7 66. Kd2 Rd1+ 67. Kxc2 Rd4 68. Ra7+ Kg6 69. Kc3 Rd1 70. Ra3 Rd4 71.
Rb3 Rd1 72. Kc4 Rd4+ 73. Kc5 Rd1 74. Rc3 Rd4 75. Kb5 Rd1 76. Kc4 Rd4+ 77. Kb3 Rd1 78.
Kc2 Rd4 79. Rd3 Rc4+ 80. Kb3 Rc1 81. Rc3 Rf1 82. Kc4 Rd1 83. Rd3 Rc1+ 84. Kd5 Rf1 85. Ke6 Ra1 86. Ke7 Kg7 87. Ke6 Ra6+ 88. Kf5 Ra7 89.
Rd6 Rf7 90. Re6 Rf8 91. Re7+ Rf7 92. Ke6 Rxe7+ 93. Kxe7 Kg6 94. Kf8 f5 1-0

[Event "*** Titled Tuesday Blitz"]
[Site "Chess.com"]
[Date "2019.03.05"]
[Round "2"]
[White "therealtrader"]
[Black "josmito10"]
[Result "1-0"]
[WhiteElo "2656"]
[BlackElo "2781"]
[TimeControl "180+2"]
[EndTime "13:28:28 PST"]
[Termination "therealtrader won by resignation"]

1. d4 Nf6 2. c4 Nc6 3. Nc3 e5 4. d5 Ne7 5. Nf3 Ng6 6. e4 Bb4 7. Bd3 Bxc3+ 8. bxc3 d6 9. h4 h5 10. Ng5 b6 11. f3 Nh7 12. Nxh7 Rxh7 13. Bc2 Nxh4 14.
Kf2 Ng6 15. Be3 Rh8 16. Ba4+ Bd7 17. Bxd7+ Qxd7 18. a4 a5 19. Rb1 f5 20. Qc2 f4 21.
Bd2 Kf7 22. Ke2 h4 23. Rh3 Rh5 24. Rbh1 Rah8 25. Be1 Rg5 26. Kf1 Rgh5 27. Qb3 Qe7 28. Qb5 Nf8 29. Bf2 g5 30. Ke2 Nd7 31. Qc6 Nf6 32. Rb1 Kg6 33. c5 dxc5 34. d6 Qxd6 35. Qxd6 cxd6 36. Rxb6 Rd8 37. Rh1 Rh7 38. Rd1 Rhd7 39. c4 Kf7 40. Rdb1 Ra8 41. Rd1 Ke7 42. Be1 Ne8 43. Bc3 Nc7 44. Kf2 Ne6 45. Kg1 Nd4 46. Kh2 h3 47. Kxh3 Rh8+ 48. Kg4 Rh2 49. Bxd4 Rxg2+ 50. Kf5 exd4 51. Rh1 Kd8 52. Rc6 Re7 53. Rxd6+ Kc7 54.
Rd5 g4 55. Kxf4 gxf3 56. Rxc5+ Kd8 57. Rd5+ Kc7 58. Kxf3 Ra2 59. Rc5+ Kd6 60. Rd5+ Kc7 61. Rxd4 Rxa4 62. Kf4 Rb4 63. e5 a4 64. Kf5 a3 65. Kf6 Re8 66. e6 Rb6 67. Re4 Kc6 68. Kf7 Rbb8 69. e7 Kc5 70. Ra1 Ra8 71. Kf6 Ra6+ 72.
Re6 Raa8 73. Re4 Ra6+ 74. Kf7 Raa8 75. Ra2 Kb4 76. Ra1 Kc5 77. Rf4 Kb4 78. Re4 Kc5 79. Rb1 a2 80. Ra1 Kb4 81. Re2 Kb3 82. c5 Rh8 83.
e8=Q Rhxe8 84. Rxe8 Ra7+ 85. Re7 Ra8 86. c6 Kb2 87.
Rxa2+ Kxa2 88. Rb7 Ka3 89. Ke7 Ka4 90. c7 Ka5 91.
Rb8 Ra7 92. Kd8 Rxc7 93. Kxc7 Ka6 94. Rb1 Ka5 95. Kc6 1-0

[Event "*** Titled Tuesday Blitz"]
[Site "Chess.com"]
[Date "2019.03.05"]
[Round "2"]
[White "Gr3egor"]
[Black "Stephenzinho"]
[Result "1/2-1/2"]
[WhiteElo "2502"]
[BlackElo "2465"]
[TimeControl "180+2"]
[EndTime "13:28:56 PST"]
[Termination "Game drawn - insufficient material"]

1. d4 Nf6 2. c4 g6 3. Nc3 Bg7 4. e4 O-O 5. f3 d6 6. Nge2 c5 7. Be3 cxd4 8. Nxd4 Nc6 9. Qd2 Qa5 10. Be2 Nxd4 11.
Bxd4 Be6 12. Kf2 Rfc8 13. b3 a6 14. Rhd1 Rc6 15. Nd5 Qxd2 16. Rxd2 Bxd5 17. cxd5 Rcc8 18. a4 Nd7 19. Ke3 Rc7 20. Bxg7 Kxg7 21. a5 Rac8 22. Kd4 Kf8 23. f4 e5+ 24. dxe6 fxe6 25. Bc4 Ke7 26. Ke3 e5 27. f5 gxf5 28. exf5 Nf6 29. h3 Rc5 30. Be6 Rc3+ 31. Rd3 R8c5 32. b4 Rc6 33. g4 h6 34. Rg1 d5 35. h4 d4+ 36. Ke2 Rc2+ 37. Rd2 Rxd2+ 38. Kxd2 Ne4+ 39. Kd3 Nd6 40. g5 Rc3+ 41. Ke2 Re3+ 42. Kd1 hxg5 43. hxg5 e4 44. g6 Ne8 45. g7 Nxg7 46. Rxg7+ Kf6 47. Rxb7 d3 48.
b5 axb5 49. a6 Rh3 50. Rd7 Ke5 51. a7 Rh8 52. Kd2 Kf4 53. f6 Rh2+ 54. Kc3 Rc2+ 55. Kb3 Rc8 56. Rxd3 Rf8 57. Rd7 e3 58. Rf7 Rxf7 59.
Bxf7 e2 60. a8=Q e1=Q 61. Qe8 Qb1+ 62. Kc3 Qa1+ 63. Kb4 Qxf6 64. Kxb5 Qf5+ 65. Kc6 Qf6+ 66. Be6 Qc3+ 67. Kd7 Qd4+ 68. Ke7 Qg7+ 69. Bf7 Qe5+ 70. Be6 Qg7+ 71. Kd6 Qd4+ 72. Bd5 Qf6+ 73. Kc5 Qc3+ 74. Kb5 Qb2+ 75. Ka4 Qa1+ 76. Kb4 Qb2+ 77. Bb3 Qd4+ 78. Ka3 Qa1+ 79. Kb4 Qd4+ 80. Bc4 Qb2+ 81. Ka4 Qa1+ 82. Kb3 Qd1+ 83. Kb2 Qd2+ 84. Kb3 Qd1+ 85. Kc3 Qc1+ 86. Kd4 Qd2+ 87. Kc5 Qa5+ 88. Bb5 Qc3+ 89. Kb6 Qd4+ 90. Ka6 Qf6+ 91. Bc6 Qa1+ 92. Kb7 Qb2+ 93. Bb5 Qg7+ 94.
Ka8 Qa1+ 95. Ba4 Qe5 96. Qf8+ Ke3 97. Qd8 Kf4 98. Bc6 Ke3 99. Qd1 Qa5+ 100. Kb7 Qb4+ 101. Ka6 Qa3+ 102. Kb7 Qb4+ 103. Kc8 Qf8+ 104. Kc7 Qf4+ 105. Kb7 Qb4+ 106. Ka6 Qa3+ 107. Ba4 Qd3+ 108. Qxd3+ Kxd3 1/2-1/2

[Event "*** Titled Tuesday Blitz"]
[Site "Chess.com"]
[Date "2019.03.05"]
[Round "2"]
[White "Grieve72"]
[Black "LastHeroJr"]
[Result "1/2-1/2"]
[WhiteElo "2344"]
[BlackElo "2533"]
[TimeControl "180+2"]
[EndTime "13:30:13 PST"]
[Termination "Game drawn by 50-move rule"]

1. d4 Nf6 2. Bg5 d5 3. e3 c5 4. c3 Nc6 5. Nd2 Bg4 6. Qb3 Qb6 7. h3 Bf5 8. Ngf3 e6 9. Bxf6 gxf6 10. g4 Bg6 11. Nh4 h5 12. Bg2 Be7 13. O-O-O c4 14. Qxb6 axb6 15. Nxg6 fxg6 16. a3 Kf7 17. e4 Rad8 18.
f4 hxg4 19. hxg4 Rxh1 20. Rxh1 Kg7 21. f5 gxf5 22. gxf5 dxe4 23. Bxe4 e5 24. Nxc4 exd4 25. Bxc6 bxc6 26. cxd4 Rxd4 27. Nxb6 Bc5 28. Na8 Rd7 29.
b4 Be3+ 30. Kc2 Ra7 31. Re1 Rxa3 32. Nc7 Bh6 33. Ne6+ Kf7 34. Rh1 Bf8 35. Rh7+ Kg8 36. Rc7 Bxb4 37. Rxc6 Rf3 38. Nd4 Rf2+ 39. Kd3 Be7 40.
Re6 Kf8 41. Ke4 Rf1 42. Kd5 Rd1 43. Ke4 Re1+ 44. Kd5 Ra1 45. Nc6 Rd1+ 46. Kc4 Rc1+ 47.
Kd3 Ba3 48. Rxf6+ Kg7 49. Rg6+ Kf7 50. Ne5+ Kf8 51. Ke4 Re1+ 52. Kd5 Bb2 53. Ng4 Rd1+ 54. Ke4 Re1+ 55. Kf4 Bc1+ 56. Kf3 Rf1+ 57. Ke4 Bb2 58. Nh6 Re1+ 59. Kd5 Rd1+ 60. Ke4 Bg7 61. Ng4 Rd4+ 62.
Ke3 Ra4 63. f6 Bh8 64. Nh6 Ra3+ 65. Ke4 Ra4+ 66. Kd5 Ra5+ 67. Ke4 Ra4+ 68. Kf5 Ra5+ 69. Kg4 Ra4+ 70. Kg5 Ra5+ 71. Nf5 Kf7 72. Rh6 Ke6 73. f7+ Kxf7 74. Rxh8 Ra1 75. Rh7+ Ke8 76. Kf6 Kd8 77. Nd6 Rf1+ 78. Ke5 Re1+ 79. Kd5 Rd1+ 80. Kc6 Rc1+ 81. Kb6 Rb1+ 82. Nb5 Ke8 83. Kc6 Kf8 84. Nc7 Kg8 85.
Re7 Rc1+ 86. Kd7 Rd1+ 87. Ke8 Ra1 88. Rd7 Re1+ 89. Kd8 Ra1 90. Ke7 Re1+ 91. Ne6 Ra1 92. Rd2 Kh7 93. Rh2+ Kg6 94. Rg2+ Kh5 95. Kf6 Kh4 96.
Nf4 Ra6+ 97. Kf5 Ra5+ 98. Ke4 Ra4+ 99. Kf3 Ra3+ 100. Kf2 Ra2+ 101. Ne2 Kh5 102. Rg3 Kh6 103. Kf3 Ra3+ 104. Kg4 Ra4+ 105. Nf4 Ra5 106. Rb3 Kg7 107. Rb6 Kf8 108. Ne6+ Kg8 109. Rb7 Kh8 110. Ng5 Kg8 111. Ne6 Kh8 112. Nd4 Kg8 113. Nf5 Kf8 114. Kg5 Ke8 115. Kf6 Kd8 116. Nd6 Ra1 117. Rh7 Rf1+ 118. Nf5 Re1 119. Nd4 Kc8 120. Ne6 Kb8 121. Nd4 Kc8 122. Nb5 Kb8 123. Nc3 Re3 124. Nd5 Re1 125. Nf4 Re4 126. Ne6 Re1 127. Rd7 Kc8 128. Ke7 Kb8 129. Rd6 Kb7 130. Kd7 Rc1 131. Rd5 Kb6 132. Nd4 Rc7+ 133. Kd6 Rh7 134. Rb5+ Ka6 135. Rb1 Rh6+ 136. Kc5 Rh5+ 137. Kc4 1/2-1/2